 Dungeon Crawl Stone Soup version 0.28-a0-1002-gf00fe891ef (webtiles) character file.

Game seed: 11151231465535576904

119 Strat the Firebug (level 5, 0/42 HPs)
             Began as a Naga Fire Elementalist on Dec 6, 2021.
             Slain by an orc (7 damage)
             ... on level 4 of the Dungeon.
             The game lasted 00:06:36 (2772 turns).

Strat the Firebug (Naga Fire Elementalist)          Turns: 2772, Time: 00:06:36

Health: 0/42       AC:  6    Str: 10    XL:     5   Next: 3%
Magic:  7/8        EV:  8    Int: 17    God:
Gold:   89         SH:  0    Dex: 12    Spells: 2/8 levels left

rFire   . . .      SeeInvis +   a - +1 hand axe (elec)
rCold   + . .      Faith    .   (no shield)
rNeg    . . .      Spirit   .   e - +0 robe
rPois   +          Reflect  .   (no helmet)
rElec   .          Harm     .   (no cloak)
rCorr   .          Rampage  .   (no gloves)
Will    .....                   f - +0 barding {rC+}
Stlth   ++........              (no amulet)
HPRegen 0.14/turn               (no ring)
MPRegen 0.11/turn               (no ring)

@: very slow
A: AC +1, large, see invisible, deformed body, poison resistance, slowness 2,
spit poison 1, naga tail 1
a: Spit Poison


You were on level 4 of the Dungeon.
You visited 1 branch of the dungeon, and saw 4 of its levels.

You collected 89 gold pieces.

Inventory:

Hand Weapons
 a - a +1 hand axe of electrocution (weapon)
 b - a +0 dagger
 d - a +0 spear
Missiles
 j - 30 stones
Armour
 e - a +0 robe (worn)
 f - a +0 barding of cold resistance (worn)
 i - a +0 leather armour
Potions
 c - a potion of resistance
 h - a potion of mutation {unknown}
 l - a potion of attraction


   Skills:
 - Level 1.5 Dodging
 - Level 3.0 Stealth
 - Level 2.0 Spellcasting
 + Level 3.1 Conjurations
 + Level 4.5 Fire Magic


You had 2 spell levels left.
You knew the following spells:

 Your Spells              Type           Power      Damage    Failure   Level
a - Foxfire               Conj/Fire      56%        2x1d6     4%          1
b - Scorch                Fire           34%        2d6       4%          2
c - Conjure Flame         Conj/Fire      14%        6-21      12%         3

Your spell library contained the following spells:

 Spells                   Type           Power      Damage    Failure   Level
 Ensorcelled Hibernation  Hex/Ice        2%         N/A       28%         2
 Inner Flame              Hex/Fire       9%         N/A       22%         3
 Flame Wave               Conj/Fire      14%        2d5       36%         4
 Spider Form              Tmut/Pois      1%         N/A       50%         3


Dungeon Overview and Level Annotations

Branches:
Dungeon (3/15)

Altars:
Kikubaaqudgha
Yredelemnul

Annotations:
D:3 Menkaure


Innate Abilities, Weirdness & Mutations

Your serpentine skin is tough. (AC +1)
You have supernaturally acute eyesight. (SInv)
Armour fits poorly on your strangely shaped body.
Your system is resistant to poisons. (rPois)
You cover ground very slowly.
You can spit poison.
You have a snake-like lower body.


Message History

Casting: Foxfire (safe; 4% risk of failure)
Confirm with . or Enter, or press ? or * to list all spells.
You conjure some foxfire!
The orc shouts!
The orc priest mumbles some strange prayers to Beogh against you.
Beogh smites you!
* * * LOW HITPOINT WARNING * * *
The foxfire hits the goblin.
The goblin is severely wounded.
The foxfire hits the goblin.
You kill the goblin!
The orc wizard points at you and mumbles some strange words.
The puff of flame hits you.
* * * LOW HITPOINT WARNING * * *
The orc priest casts a cantrip, but nothing happens.
The orc wizard points at you and mumbles some strange words.
The puff of flame hits you.
* * * LOW HITPOINT WARNING * * *
The endoplasm hits you but does no damage.
The endoplasm hits you but does no damage.
A jelly comes into view.
The endoplasm hits you but does no damage.
The orc hits you with a +0 flail.
* * * LOW HITPOINT WARNING * * *
The necrophage hits you.
* * * LOW HITPOINT WARNING * * *
The endoplasm freezes you.
You are frozen.
You resist.
* * * LOW HITPOINT WARNING * * *
The necrophage hits you but does no damage.
The orc wizard gestures wildly while chanting.
The orc wizard flickers and vanishes for a moment.
The orc priest hits you from afar with a +0 trident.
* * * LOW HITPOINT WARNING * * *
The necrophage hits you but does no damage.
The endoplasm closely misses you.
Casting: Foxfire (safe; 4% risk of failure)
Confirm with . or Enter, or press ? or * to list all spells.
You conjure some foxfire!
The orc hits you with a +0 flail!
You die...

......# #.....#
#.....# #.....#
#######.J...#
#.......)...#
#....o......##.
#..vn.o.........
#..@J....###....
#[v.o....# ...
########## .


You could see a necrophage (ally target), a jelly, an orc priest, an orc wizard
(invisible), an orc and an endoplasm.

Vanquished Creatures
  A jelly (D:3)
  A gnoll (D:1)
  2 adders (D:2)
  2 worms (D:2)
  A dart slug (D:2)
  4 endoplasms
  2 giant cockroaches
  5 goblins
  2 hobgoblins
  6 jackals (D:2)
  5 quokkas
  7 ball pythons
  4 bats
  A frilled lizard (D:1)
  3 kobolds
  5 rats
51 creatures vanquished.

Vanquished Creatures (collateral kills)
  A foxfire (D:1)
1 creature vanquished.

Vanquished Creatures (others)
  137 foxfires
  8 fungi (D:4)
145 creatures vanquished.

Grand Total: 197 creatures vanquished

Notes
Turn   | Place    | Note
-------+----------+-------------------------------------------
     0 | D:1      | Strat the Naga Fire Elementalist began the quest for the
                  | Orb.
     0 | D:1      | Reached XP level 1. HP: 15/15 MP: 3/3
   463 | D:1      | Reached XP level 2. HP: 11/22 MP: 1/5
  1103 | D:1      | Learned a level 2 spell: Scorch
  1316 | D:1      | Reached XP level 3. HP: 19/28 MP: 0/6
  1420 | D:1      | Learned a level 3 spell: Conjure Flame
  1832 | D:2      | Reached skill level 4 in Fire Magic
  2116 | D:2      | Reached XP level 4. HP: 36/36 MP: 2/7
  2672 | D:3      | Found a basalt altar of Yredelemnul.
  2674 | D:3      | Found an ancient bone altar of Kikubaaqudgha.
  2679 | D:3      | Reached XP level 5. HP: 42/42 MP: 4/8
  2702 | D:3      | Noticed Menkaure
  2722 | D:3      | Identified a scroll of acquirement
  2722 | D:3      | Acquired a +0 barding of cold resistance
  2742 | D:3      | You fall into a shaft and drop 1 floor!
  2765 | D:4      | Noticed a necrophage
  2772 | D:4      | Slain by an orc

Illustrated notes

Levels and vault maps discovered:
D:1:      scummos_arrival_simple_crosswalls, layout_basic, serial_forest,
          infiniplex_forest_straight_3, infiniplex_forest_zigzag_1,
          infiniplex_forest_side_room, infiniplex_forest_lined_3,
          infiniplex_forest_end_2, infiniplex_forest_end_double
D:2:      kennysheep_six_static_rooms, layout_basic, hangedman_decor_growths,
          minmay_misc_feat_more_columns
D:3:      layout_loops_ring, gammafunk_temple_of_torment,
          pdpol_wu_jian_five_deadly_venoms, shapermc_ecumenical_altar_venn
D:4:      layout_basic, serial_aquarium, aquarium_bridge_square
          [aquarium_subvault_window, aquarium_subvault_bridge,
          aquarium_subvault_bridge, aquarium_subvault_wall], aquarium_window_1,
          aquarium_window_corridor_3, aquarium_window_1, aquarium_window_corner,
          aquarium_view_2f, aquarium_view_2a, uniq_blork_the_orc, uniq_grinder

Skill      XL: |  1  2  3  4 |
---------------+-------------+-----
Conjurations   | 2 3 |  3.1
Fire Magic     | 4 |  4.5
Dodging        | |  1.5
Stealth        | |  3.0
Spellcasting   | |  2.0

Action                   |  1- 3 |  4- 6 || total
-------------------------+-------+-------++-------
Melee: Dagger            |     3 |       ||     3
       Hand axe          |     8 |     5 ||    13
 Cast: Foxfire           |    58 |    26 ||    84
       Scorch            |     2 |     2 ||     4
 Abil: Spit Poison       |     2 |       ||     2
  Use: Scroll            |     1 |     7 ||     8
Armor: Robe              |     4 |     5 ||     9
Dodge: Dodged            |    15 |     9 ||    24

Table legend: (Time is in decaauts)
 A = Elapsed time spent in this place.
 B = Non-inter-level travel time spent in this place.
 C = Inter-level travel time spent in this place.
 D = Time resting spent in this place.
 E = Time spent auto-exploring this place.
 F = Levels seen in this place.
 G = Mean time per level.
                   A        B        C        D        E       F      G
               +--------+--------+--------+--------+--------+-----+--------+
         Total |   3326 |   3294 |     32 |    416 |   2231 |   4 |  831.5 |
       Dungeon |   3326 |   3294 |     32 |    416 |   2231 |   4 |  831.5 |
               +--------+--------+--------+--------+--------+-----+--------+

Top non-repeatable levels by time:
     D:1: 1947 daAuts
     D:2: 1203 daAuts
     D:3: 138 daAuts
     D:4: 36 daAuts
